 Dungeon Crawl Stone Soup version 0.27-a0-1177-g245c70e1c0 (webtiles) character file.

Game seed: 8538873414967442680

17 Glokmah the Grasshopper (level 2, -1/22 HPs)
             Began as a Demonspawn Warper on May 16, 2021.
             Slain by a gnoll
             ... wielding a +0 club
              (5 damage)
             ... on level 2 of the Dungeon.
             The game lasted 00:01:21 (1374 turns).

Glokmah the Grasshopper (Demonspawn Warper)         Turns: 1374, Time: 00:01:22

Health: -1/22      AC:  3    Str: 11    XL:     2   Next: 44%
Magic:  5/5        EV: 11    Int: 14    God:
Gold:   31         SH:  0    Dex: 12    Spells: 3/5 levels left

rFire    . . .     SeeInvis .   a - +0 hand axe
rCold    . . .     Faith    .   (no shield)
rNeg     . . .     Spirit   .   b - +0 leather armour
rPois    .         Reflect  .   (no helmet)
rElec    .         Harm     .   (no cloak)
rCorr    .         Rampage  .   (no gloves)
Will     .....                  (no boots)
Stlth    +.........             (no amulet)
HPRegen  0.07/turn              (no ring)
MPRegen  0.09/turn              (no ring)

@: no status effects
A: powered by death 1
a: no special abilities


You were on level 2 of the Dungeon.
You visited 1 branch of the dungeon, and saw 2 of its levels.

You collected 31 gold pieces.

Inventory:

Hand Weapons
 a - a +0 hand axe (weapon)
Missiles
 e - 5 boomerangs of dispersal (quivered)
Armour
 b - a +0 leather armour (worn)
Scrolls
 d - a scroll of blinking
 f - a scroll of magic mapping {unknown}
Potions
 c - a potion of curing {unknown}
 g - a potion of lignification {unknown}
 h - a potion of haste {unknown}


   Skills:
 + Level 2.2 Fighting
 * Level 2.1 Axes
 - Level 0.8 Throwing
 - Level 0.8 Armour
 - Level 1.7 Dodging
 + Level 2.1 Spellcasting
 * Level 3.0 Translocations


You had 3 spell levels left.
You knew the following spells:

 Your Spells              Type           Power      Damage    Failure   Level
a - Blink                 Tloc           N/A        N/A       14%         2

Your spell library contained the following spells:

 Spells                   Type           Power      Damage    Failure   Level
 Gell's Gravitas          Tloc           4%         N/A       26%         3
 Lesser Beckoning         Tloc           4%         N/A       26%         3
 Teleport Other           Tloc           9%         N/A       26%         3
 Manifold Assault         Tloc           9%         N/A       94%         5


Dungeon Overview and Level Annotations

Branches:
Dungeon (2/15)

Altars:


Innate Abilities, Weirdness & Mutations

You regenerate a little health from kills.


Message History

There is an open door here.
You open the door.
There is an open door here.
There is an open door here.
Found a stone staircase leading down.
Found a stone staircase leading down.
Done exploring.
Done exploring.
There is a stone staircase leading down here.
Unknown command.
You climb downwards.
An endoplasm and 2 gnolls come into view.
The gnoll shouts!
You hear a shout! x2
There is a stone staircase leading up here.
The endoplasm closely misses you.
You hit the endoplasm.
The endoplasm is lightly wounded.
The endoplasm freezes you.
You are frozen.
You hit the endoplasm.
The endoplasm is almost dead.
You barely miss the gnoll. The gnoll hits you but does no damage.
The endoplasm freezes you.
You are frozen.
A gnoll comes into view. It is wielding a +0 halberd.
You slash the endoplasm!
You kill the endoplasm!
You hit the gnoll. x2; The gnoll barely misses you. x2
A kobold comes into view. It is wielding a +0 short sword.
You hit the gnoll.
The gnoll is severely wounded.
You hit the gnoll. The gnoll hits you with a +0 flail.
The gnoll closely misses you. The gnoll barely misses you.
You are too injured to fight recklessly!
The gnoll barely misses you. The gnoll hits you with a +0 flail!
* * * LOW HITPOINT WARNING * * *
The gnoll closely misses you.
There is a stone staircase leading up here.
The gnoll closely misses you. The gnoll hits you with a +0 club.
You die...

.. #. #. ##. ##
.. .. #. .#
#.####.###..####
#.....Kg@.......
........g.......
#.####g.###.#...
..... # # ####.#
#.# #.# #.#


You could see 3 gnolls and a kobold.

Vanquished Creatures
  2 ball pythons (D:1)
  An endoplasm (D:2)
  A giant cockroach (D:1)
  3 goblins (D:1)
  A hobgoblin (D:1)
  4 bats (D:1)
  2 kobolds (D:1)
  3 rats (D:1)
17 creatures vanquished.

Notes
Turn   | Place    | Note
-------+----------+-------------------------------------------
     0 | D:1      | Glokmah the Demonspawn Warper began the quest for the Orb.
     0 | D:1      | Reached XP level 1. HP: 16/16 MP: 3/3
   477 | D:1      | Gained mutation: You regenerate a little health from kills.
                  | [demonic ancestry]
   477 | D:1      | Reached XP level 2. HP: 22/22 MP: 5/5
   797 | D:1      | Learned a level 2 spell: Blink
   943 | D:1      | Reached skill level 3 in Translocations
  1374 | D:2      | Slain by a gnoll

Illustrated notes

Levels and vault maps discovered:
D:1:      saegor_arrival_simple_e, layout_loops_corners
D:2:      layout_basic, shapermc_ecumenical_altar_mp_urbaneastern,
          minmay_small_reverse_x

Skill      XL: |  1  2 |
---------------+-------+-----
Axes           | 2 |  2.1
Translocations | 3 |  3.0
Fighting       | |  2.2
Throwing       | |  0.8
Armour         | |  0.8
Dodging        | |  1.7
Spellcasting   | |  2.1

Action                   || total
-------------------------++-------
Melee: Hand axe          ||    70
 Cast: Blink             ||     1
 Stab: Sleeping          ||     1
Armor: Leather armour    ||    32
Dodge: Dodged            ||    86

Table legend: (Time is in decaauts)
 A = Elapsed time spent in this place.
 B = Non-inter-level travel time spent in this place.
 C = Inter-level travel time spent in this place.
 D = Time resting spent in this place.
 E = Time spent auto-exploring this place.
 F = Levels seen in this place.
 G = Mean time per level.
                   A        B        C        D        E       F      G
               +--------+--------+--------+--------+--------+-----+--------+
         Total |   1388 |   1386 |      2 |    223 |    955 |   2 |  694.0 |
       Dungeon |   1388 |   1386 |      2 |    223 |    955 |   2 |  694.0 |
               +--------+--------+--------+--------+--------+-----+--------+

Top non-repeatable levels by time:
     D:1: 1380 daAuts
     D:2: 7 daAuts
